 Dungeon Crawl Stone Soup version 0.22-a0-38-gc6ec8ce517 (webtiles) character file.

90 Manul the Ducker (level 4, -4/24 HPs)
             Began as a Spriggan Abyssal Knight on Jan 4, 2018.
             Was a Follower of Lugonu.
             Slain by a sky beast (7 damage)
             ... on level 2 of the Dungeon.
             The game lasted 00:04:43 (2967 turns).

Manul the Ducker (Spriggan Abyssal Knight)          Turns: 2967, Time: 00:04:44

Health: -4/24      AC:  3    Str: 12    XL:     4   Next: 32%
Magic:  6/6        EV: 20    Int: 13    God:    Lugonu [*.....]
Gold:   113        SH:  0    Dex: 21    Spells: 3/3 levels left

rFire    . . .     SeeInvis +   a - +1 short sword
rCold    . . .     Gourm    .   (shield restricted)
rNeg     . . .     Faith    .   b - +1 robe
rPois    .         Spirit   .   (helmet restricted)
rElec    .         Reflect  .   (no cloak)
rCorr    .         Harm     +   (gloves unavailable)
MR       +....                  (boots unavailable)
Stlth    +++.......             e - amulet of Ysyn {Harm *Corrode *Drain Str+4 Dex+5}
HPRegen  0.08/turn              o - ring of protection from magic
MPRegen  0.10/turn              (no ring)

@: very quick
A: very small, unfitting armour, see invisible, herbivore, speed 3, slow
metabolism 2
a: Depart the Abyss, Renounce Religion


You were on level 2 of the Dungeon.
You worshipped Lugonu.
Lugonu was aware of your devotion.
You were not hungry.

You visited 1 branch of the dungeon, and saw 2 of its levels.
You visited the Abyss 1 time.

You collected 113 gold pieces.

Inventory:

Hand Weapons
 a - a +1 short sword (weapon)
Armour
 b - a +1 robe (worn)
Jewellery
 e - the amulet of Ysyn (around neck) {Harm *Corrode *Drain Str+4 Dex+5}
   (You found it on level 2 of the Abyss)

   [amulet of harm]

   It increases damage dealt and taken.
   It affects your strength (+4).
   It affects your dexterity (+5).
   It may corrode you when you take damage.
   It causes draining when unequipped.
 i - a +5 amulet of reflection {unknown}
 o - a ring of protection from magic (left hand)
Scrolls
 f - a scroll of magic mapping {unknown}
 g - 2 scrolls of remove curse
 k - a scroll of random uselessness {unknown}
 l - a scroll of blinking {unknown}
 m - a scroll of fog {unknown}
 n - a scroll of identify {unknown}
Potions
 d - a potion of cancellation {unknown}
 h - a potion of brilliance
 j - a potion of degeneration {unknown}
 p - a potion of haste {unknown}
Comestibles
 c - 6 rations


   Skills:
 + Level 3.1 Fighting
 + Level 3.0 Short Blades
 + Level 4.0 Dodging
 * Level 3.4 Stealth
 + Level 1.8 Invocations


You had 3 spell levels left.
You didn't know any spells.

Dungeon Overview and Level Annotations

Branches:
Dungeon (2/15)

Altars:
Xom

Annotations:
D:2 1 runed door, Terence


Innate Abilities, Weirdness & Mutations

You are very small and have problems with some larger weapons.
You are too small for most types of armour.
You have supernaturally acute eyesight. (SInv)
You are a herbivore.
You cover ground extremely quickly.
You need consume almost no food.


Message History

Terence shouts!
An adder comes into view.
The adder hisses angrily.
A sky beast comes into view.
You barely miss the sky beast.
The sky beast flickers out of sight for a moment.
The sky beast hits you. The sky beast shocks you.
You hit the sky beast.
The sky beast is lightly wounded.
The sky beast hits you. The sky beast shocks you.
* * * LOW HITPOINT WARNING * * *
You closely miss the sky beast.
The sky beast is lightly wounded.
The sky beast closely misses you.
You hit the sky beast.
The sky beast is moderately wounded.
The sky beast hits you.
* * * LOW HITPOINT WARNING * * *
The sky beast shocks you.
You die...

## #. ..# #.
#################.#.# #.
######.......S..@Y.......# #.
............############.# #.
######.####.# #.# #. #.# #.# #.#
#. ######.####.#
#########.#######. .S............
.......†..........
#####..####.#####.#.####.##....#.
.......@..... ...... ....+......
#####..####.## #.#.####.##.....#


You could see a sky beast and an adder.

Vanquished Creatures
  Robin (D:1)
  3 adders
  A dart slug (D:1)
  A leopard gecko (D:1)
  A giant cockroach (D:2)
  13 goblins
  7 hobgoblins
  5 jackals
  4 kobolds
  4 bats
  5 frilled lizards
  3 rats
48 creatures vanquished.

Notes
Turn   | Place    | Note
-------+----------+-------------------------------------------
     0 | Abyss:1  | Manul the Spriggan Abyssal Knight began the quest for the Orb.
     0 | Abyss:1  | Reached XP level 1. HP: 11/11 MP: 3/3
    32 | Abyss:1  | Found a corrupted altar of Lugonu.
   101 | Abyss:2  | Got a sparkling lead amulet
   102 | Abyss:2  | Identified the amulet of Ysyn {Harm *Corrode *Drain Str+4 Dex+5} (You found it on level 2 of the Abyss)
   115 | Abyss:2  | Noticed a small abomination
   128 | Abyss:2  | Noticed a wraith
   139 | Abyss:2  | Noticed a chaos spawn
   140 | Abyss:2  | Noticed a shadow wraith
   160 | Abyss:2  | Noticed a small abomination
   166 | Abyss:2  | Noticed an ancient zyme
   176 | Abyss:2  | Noticed a tentacled starspawn
   176 | Abyss:2  | Noticed a small abomination
   176 | Abyss:2  | Noticed a starcursed mass
   178 | D:1      | Escaped the Abyss
   332 | D:1      | Reached skill level 1 in Stealth
   332 | D:1      | Reached XP level 2. HP: 16/16 MP: 4/4
   341 | D:1      | Reached * piety under Lugonu
  1000 | D:2      | Noticed Terence
  1381 | D:1      | Reached XP level 3. HP: 18/19 MP: 5/5
  1921 | D:2      | Found a shimmering altar of Xom.
  1927 | D:2      | Noticed Robin
  1993 | D:2      | Reached skill level 4 in Dodging
  2245 | D:1      | Killed Robin
  2245 | D:1      | Reached XP level 4. HP: 20/24 MP: 6/6
  2689 | D:2      | Found a runed door.
  2959 | D:2      | Noticed a sky beast
  2967 | D:2      | Slain by a sky beast

Vault maps used:
D:1:      lemuel_arrival_lava_pool
D:2:      nicolae_overflow_crystal_walls, first_ration, minmay_liquid_box,
          uniq_robin, uniq_crazy_yiuf_cottage, uniq_terence
Abyss:1:  minivault_13
Abyss:2:  bh_abyss_negative

Skill      XL: |  1  2  3 |
---------------+----------+-----
Stealth        | 1 2 3 |  3.4
Fighting       | 3 |  3.1
Dodging        | 4 |  4.0
Short Blades   | 3 |  3.0
Invocations    | |  1.8

Action                   |  1- 3 |  4- 6 || total
-------------------------+-------+-------++-------
Melee: Short sword       |   106 |    30 ||   136
Invok: Depart the Abyss  |     1 |       ||     1
  Use: Scroll            |     2 |       ||     2
       Potion            |     1 |       ||     1
 Stab: Sleeping          |     8 |       ||     8
Armor: Robe              |     7 |     2 ||     9
Dodge: Dodged            |    96 |    21 ||   117

Table legend:
 A = Spawn XP
 B = Non-spawn XP
 C = Spawn XP percentage of total XP
 D = Spawn monster count
 E = Non-spawn monster count
 F = Spawn count percentage of total count
 G = Total turns spent on level
                    A         B        C        D         E        F      G
               +---------+---------+-------+---------+---------+-------+---------
         Total |       0 |     129 |   0.0 |       0 |      48 |   0.0 |  2967
               +---------+---------+-------+---------+---------+-------+---------
           D:1 |       0 |      60 |   0.0 |       0 |      20 |   0.0 |  1963
           D:2 |       0 |      69 |   0.0 |       0 |      28 |   0.0 |   826
               +---------+---------+-------+---------+---------+-------+---------
